 Dungeon Crawl Stone Soup version 0.31-a0-117-g42d8f58691 (webtiles) character file.

Game seed: 5438280675359589329

10 mopl the Vexing (level 2, 0/16 HPs)
             Began as a Deep Elf Enchanter on May 29, 2023.
             Slain by a hobgoblin (1 damage)
             ... on level 1 of the Dungeon on May 30, 2023.
             The game lasted 00:01:40 (289 turns).

mopl the Vexing (Deep Elf Enchanter)                 Turns: 289, Time: 00:01:40

Health: 0/16       AC:  2    Str:  5    XL:     2   Next: 10%
Magic:  1/8        EV: 12    Int: 19    God:
Gold:   21         SH:  0    Dex: 15    Spells: 5/7 levels left

rFire   . . .        a - +1 dagger
rCold   . . .        (no shield)
rNeg    . . .        b - +0 robe
rPois   .            (no helmet)
rElec   .            (no cloak)
rCorr   .            (no gloves)
SInv    .            (no boots)
Will    .....        (no amulet)
Stlth   +++          (no ring)
HPRegen 0.22/turn    (no ring)
MPRegen 0.11/turn

%: no passive effects
@: no status effects
A: no striking features
a: no special abilities


You were on level 1 of the Dungeon.
You visited 1 branch of the dungeon, and saw 1 of its levels.

You collected 21 gold pieces.

Inventory:

Hand Weapons
 a - a +1 dagger (weapon)
Armour
 b - a +0 robe (worn)
Potions
 c - 2 potions of invisibility


   Skills:
 + Level 0.3 Fighting
 + Level 1.2 Short Blades
 - Level 2.4 Dodging
 + Level 3.8 Stealth
 + Level 3.2 Spellcasting
 + Level 4.2 Hexes


You had 5 spell levels left.
You knew the following spells:

 Your Spells              Type           Power      Damage    Failure   Level
b - Ensorcelled Hibernat  Hex/Ice        22%        N/A       10%         2

Your spell library contained the following spells:

 Spells                   Type           Power      Damage    Failure   Level
 Confusing Touch          Hex            19%        N/A       8%          3
 Tukima's Dance           Hex            19%        N/A       8%          3
 Shock                    Conj/Air       12%        1d3       16%         1
 Dazzling Flash           Conj/Hex       22%        N/A       19%         3
 Swiftness                Air            3%         N/A       41%         3
 Airstrike                Air            1%         2d(1-17)  83%         4


Dungeon Overview and Level Annotations

Branches:
Dungeon (1/15)

Altars:

Shops:
D:1 =[*(


Message History

You have reached level 2!
Memorise Ensorcelled Hibernation, consuming 2 spell levels and leaving 5?
You start memorising the spell.
You continue memorising. x2
You finish memorising.
Spell assigned to 'a'.
Adjust (i)tems, (s)pells, or (a)bilities?
Adjust which spell? a - Ensorcelled Hibernation Adjust to which letter? b - Ensorcelled Hibernation You start resting.
HP restored.
Okay, then.
Okay, then.
The goblin shouts!
You hear a shout! x2
The goblin resists with significant effort.
The goblin hits you with a +0 dagger.
The goblin resists with significant effort.
The goblin hits you but does no damage.
The goblin resists with significant effort.
The goblin closely misses you.
You completely miss the goblin. The goblin closely misses you.
The goblin closely misses you.
You closely miss the goblin. You closely miss the goblin.
The goblin hits you with a +0 dagger.
You closely miss the goblin. The goblin closely misses you.
You hit the goblin.
The goblin is moderately wounded.
The goblin hits you with a +0 dagger.
You hit the goblin.
You kill the goblin!
The hobgoblin resists with significant effort.
The hobgoblin misses you.
You don't have enough magic to cast this spell.
You hit the hobgoblin but do no damage. The hobgoblin hits you.
You barely miss the hobgoblin. The hobgoblin hits you.
You hit the hobgoblin but do no damage. The hobgoblin barely misses you.
You hit the hobgoblin but do no damage. The hobgoblin hits you.
* * * LOW HITPOINT WARNING * * *
The hobgoblin attacks as you move away! The hobgoblin hits you.
You die...

#....#.#### #.~~~~~~ ..
#.........# #.......
....###..∩..####'##..#
##..#. #.....##.'∩+.#..
...#..# #.....##.#+#....
.......##.....##....####
.......>..†...#..####
.......##.......##
.......@g.....###
#########.....# #######


You could see a hobgoblin.

Vanquished Creatures
  A ball python (D:1)
  2 bats (D:1)
  An endoplasm (D:1)
  A giant cockroach (D:1)
  A goblin (D:1)
  A hobgoblin (D:1)
  A rat (D:1)
8 creatures vanquished.

Notes
Turn   | Place    | Note
-------+----------+-------------------------------------------
     0 | D:1      | mopl the Deep Elf Enchanter began the quest for the Orb.
     0 | D:1      | Reached XP level 1. HP: 10/10 MP: 6/6
    68 | D:1      | Found Ruet Adaimi's Antique Weapon Boutique.
   148 | D:1      | Found Evvuuc's General Store.
   209 | D:1      | Found Wulicwuf's Armour Shop.
   218 | D:1      | Found Enucuike's Jewellery Shop.
   233 | D:1      | Upgraded the game from 0.31-a0-115-g4708a659fe to
                  | 0.31-a0-117-g42d8f58691
   249 | D:1      | Reached XP level 2. HP: 14/16 MP: 8/8
   252 | D:1      | Learned a level 2 spell: Ensorcelled Hibernation
   289 | D:1      | Slain by a hobgoblin

Illustrated notes

Levels and vault maps discovered:
D:1:      lightli_arrival_isolated_outpost, layout_rooms, serial_shops, shop,
          nicolae_shop_behind_doors, shop, shop, nicolae_shop_gaudy_bauble,
          shapermc_ecumenical_altar_acropolis

Action                     || total
---------------------------++-------
  Melee: Dagger            ||    65
   Cast: Ensorcelled Hiber ||     4
 Armour: Robe              ||    20
  Dodge: Dodged            ||    50

Table legend: (Time is in decaauts)
 A = Elapsed time spent in this place.
 B = Non-inter-level travel time spent in this place.
 C = Inter-level travel time spent in this place.
 D = Time resting spent in this place.
 E = Time spent auto-exploring this place.
 F = Levels seen in this place.
 G = Mean time per level.
                   A        B        C        D        E       F      G
               +--------+--------+--------+--------+--------+-----+--------+
         Total |    291 |    291 |      0 |     61 |     77 |   1 |  291.0 |
       Dungeon |    291 |    291 |      0 |     61 |     77 |   1 |  291.0 |
               +--------+--------+--------+--------+--------+-----+--------+

Top non-repeatable levels by time:
     D:1: 291 daAuts
